 Dungeon Crawl Stone Soup version 0.24.0-123-gd5b16e6ec5 (webtiles) character file.

Game seed: 8815980245705957844, levelgen mode: deterministic

436 FishyPogo the Caller (level 6, -10/46 HPs)
             Began as a Demonspawn Summoner on Jan 1, 2020.
             Splashed by Ijyb's acid (17 damage)
             ... on level 5 of the Dungeon.
             The game lasted 00:19:57 (4569 turns).

FishyPogo the Caller (Demonspawn Summoner)          Turns: 4569, Time: 00:19:57

Health: -10/46     AC:  4    Str:  9    XL:     6   Next: 69%
Magic:  1/9        EV: 13    Int: 16    God:
Gold:   195        SH:  0    Dex: 15    Spells: 1/9 levels left

rFire    . . .     SeeInvis .   a - +0 short sword
rCold    + . .     Gourm    .   (no shield)
rNeg     + . .     Faith    .   v - +1 leather armour {rC+}
rPois    .         Spirit   .   (no helmet)
rElec    .         Reflect  .   (no cloak)
rCorr    .         Harm     .   (no gloves)
MR       .....                  (no boots)
Stlth    +++.......             (no amulet)
HPRegen  0.15/turn              t - ring of positive energy
MPRegen  0.11/turn              (no ring)

@: no status effects
A: nightstalker 1
a: no special abilities


You were on level 5 of the Dungeon.
You were not hungry.

You visited 1 branch of the dungeon, and saw 5 of its levels.

You collected 195 gold pieces.

Inventory:

Hand Weapons
 a - a +0 short sword (weapon)
 k - a +2 hand axe of flaming
 s - a +2 morningstar of crushing
Missiles
 d - 184 stones
 m - 3 boomerangs (quivered)
 r - 65 sling bullets
 x - 2 silver boomerangs
Armour
 i - a +0 robe
 p - a +0 shield
 v - a +1 leather armour of cold resistance (worn)
Jewellery
 t - a ring of positive energy (left hand)
Scrolls
 b - 3 scrolls of remove curse {unknown}
 e - 2 scrolls of enchant weapon {unknown}
 f - a scroll of random uselessness {unknown}
 g - a scroll of magic mapping {unknown}
 j - a scroll of teleportation {unknown}
 l - 2 scrolls of identify {unknown}
 u - a scroll of amnesia {unknown}
 y - a scroll of fog {unknown}
Potions
 h - a potion of heal wounds {unknown}
 n - a potion of lignification {unknown}
 o - a potion of curing
 w - a potion of flight {unknown}
Comestibles
 c - 8 rations
 q - 11 chunks of flesh


   Skills:
 + Level 2.9 Fighting
 * Level 2.8 Armour
 - Level 3.0 Dodging
 + Level 3.6 Stealth
 - Level 2.0 Spellcasting
 - Level 5.0 Summonings


You had one spell level left.
You knew the following spells:

 Your Spells              Type           Power        Failure   Level  Hunger
k - Call Canine Familiar  Summ           ###.....     11%         3    ###....
l - Summon Lightning Spi  Summ/Air       #.......     69%         4    #####..
y - Summon Small Mammal   Summ           ###.         3%          1    #......

Your spell library contained the following spells:

 Spells                   Type           Power        Failure   Level  Hunger
 Call Imp                 Summ           ###.....     5%          2    ###....
 Summon Guardian Golem    Hex/Summ       #.......     30%         3    ###....
 Summon Ice Beast         Ice/Summ       #.......     69%         4    #####..


Dungeon Overview and Level Annotations

Branches:
Dungeon (5/15)
 Temple: D:4-7

Altars:
Uskayaw
Vehumet

Annotations:
D:3 exclusion: door
D:5 Ijyb


Innate Abilities, Weirdness & Mutations

You are slightly more attuned to the shadows.


Message History

Your quokka barely misses Ijyb.
Your hound closely misses Ijyb.
Your rat bites Ijyb but does no damage.
The jackal bites you.
Your quokka completely misses Ijyb.
Ijyb hits your rat with a +0 club.
Your rat dies!
Your rat's corpse disappears in a puff of smoke!
You barely miss the jackal.
The jackal is moderately wounded.
Your hound closely misses Ijyb.
The jackal closely misses you.
Your hound closely misses Ijyb.
Your quokka bites Ijyb.
You hit the jackal but do no damage.
The jackal is moderately wounded.
The jackal misses you.
Your hound closely misses Ijyb.
Your quokka bites Ijyb.
The jackal misses you.
Your hound closely misses Ijyb.
Ijyb zaps a wand.
The bolt of acid hits the jackal!
The jackal is splashed with acid.
The acid corrodes the jackal!
The jackal dies!
The bolt of acid hits you!!
* * * LOW HITPOINT WARNING * * *
You are splashed with acid!
You die...

#............##
#.........##..#############
#.........###...##.........
#####......rh##..#.........
#........###.<.........
#........# ###.........
#........# #.........
#........#####.........
.............@.gh.......
##........#####.r.......
########## #.........
##########


You could see Ijyb, a friendly hound and a friendly quokka.

Vanquished Creatures
  Duvessa (D:4)
  Dowan (D:4)
  An adder (D:3)
  2 oozes
  2 dart slugs
  3 leopard geckos
  3 orcs
  2 giant cockroaches (D:1)
  A goblin (D:1)
  A jackal (D:2)
  3 kobolds (D:1)
  A quokka (D:2)
  A ball python (D:1)
  3 bats
  A frilled lizard (D:4)
  2 rats (D:2)
28 creatures vanquished.

Vanquished Creatures (collateral kills)
  3 ogres
  A howler monkey (D:4)
  A hound (D:5)
  A worker ant (D:4)
  A hound skeleton (D:5)
  3 adders
  A dart slug (D:3)
  2 worms
  5 orcs
  A giant cockroach (D:4)
  8 goblins
  6 hobgoblins
  7 jackals
  2 bats
  4 kobolds
46 creatures vanquished.

Vanquished Creatures (others)
  A goblin (D:3)
  A jackal (D:5)
2 creatures vanquished.

Grand Total: 76 creatures vanquished

Notes
Turn   | Place    | Note
-------+----------+-------------------------------------------
     0 | D:1      | FishyPogo the Demonspawn Summoner began the quest for the
                  | Orb.
     0 | D:1      | Reached XP level 1. HP: 13/13 MP: 3/3
   307 | D:1      | Gained mutation: You are slightly more attuned to the
                  | shadows. [demonic ancestry]
   307 | D:1      | Reached XP level 2. HP: 18/20 MP: 0/5
  1440 | D:2      | Reached skill level 1 in Fighting
  1469 | D:2      | Reached XP level 3. HP: 26/26 MP: 1/6
  1493 | D:2      | Learned a level 3 spell: Call Canine Familiar
  2095 | D:3      | Noticed a +0 hand axe
  2095 | D:3      | Noticed a +0 hand axe
  2102 | D:3      | Found a hide-covered altar of Uskayaw.
  2395 | D:3      | Found a radiant altar of Vehumet.
  2525 | D:3      | Reached XP level 4. HP: 31/32 MP: 7/7
  2603 | D:4      | Noticed an ogre
  2958 | D:4      | Reached skill level 5 in Summonings
  3607 | D:4      | Noticed Duvessa
  3622 | D:4      | Noticed Dowan
  3630 | D:4      | Killed Duvessa
  3630 | D:4      | Reached skill level 1 in Armour
  3630 | D:4      | Reached XP level 5. HP: 21/38 MP: 2/8
  3632 | D:4      | Killed Dowan
  3632 | D:4      | Reached XP level 6. HP: 26/46 MP: 2/9
  3703 | D:4      | Learned a level 4 spell: Summon Lightning Spire
  4163 | D:5      | Entered Level 5 of the Dungeon
  4408 | D:5      | Noticed Ijyb
  4569 | D:5      | Splashed by Ijyb's acid

Levels and vault maps discovered:
D:1:      erik_arrival_cave_to_civilisation [erik_arrival_cave_to_hall],
          layout_basic, serial_bayou_pond_c
D:2:      layout_loops_ring, first_ration, kennysheep_generic_room_16
D:3:      minmay_goblin_kobold_castle, layout_basic, vehumet_crystals,
          dancing_weapons_uskayaw, serial_rivers,
          chequers_serial_rivers_micro_e, chequers_serial_rivers_room_b,
          chequers_serial_rivers_large_a, chequers_serial_rivers_micro_e,
          chequers_serial_rivers_micro_b, chequers_serial_rivers_large_b,
          minmay_crystal_water, wander_ebering_terrifying_dragon_lair,
          uniq_natasha
D:4:      layout_layer_cave, uniq_duvessa
D:5:      layout_rooms, lemuel_zombie_altar_kikubaaqudgha,
          minmay_temple_entry_enclosed_plants, uniq_ijyb

Skill      XL: |  1  2  3  4  5  6 |
---------------+-------------------+-----
Dodging        | 2 3 |  3.0
Stealth        | 2 3 |  3.6
Fighting       | 1 2 |  2.9
Summonings     | 5 |  5.0
Armour         | 1 2 |  2.8
Spellcasting   | |  2.0

Action                   |  1- 3 |  4- 6 || total
-------------------------+-------+-------++-------
Melee: Short sword       |    93 |    64 ||   157
       Dagger            |     4 |       ||     4
       Unarmed           |     2 |       ||     2
Throw: Stone             |     1 |     4 ||     5
       Boomerang         |       |     2 ||     2
 Cast: Summon Small Mamm |    55 |    30 ||    85
       Call Canine Famil |     6 |    10 ||    16
  Use: Potion            |       |     3 ||     3
 Stab: Sleeping          |     6 |     2 ||     8
       Distracted        |     1 |       ||     1
  Eat: Chunk             |     7 |     8 ||    15
Armor: Robe              |    18 |     4 ||    22
       Leather armour    |       |    17 ||    17
Dodge: Dodged            |    71 |    57 ||   128
